 Dungeon Crawl Stone Soup version 0.29-a0-284-gf9362112df (webtiles) character file.

Game seed: 15218390157039057419

266 Hubjo the Skirmisher (level 6, -10/75 HPs)
             Began as a Demonspawn Monk on Mar 30, 2022.
             Blown up by a gnoll (19 damage)
             ... with a mindburst bolt
             ... on level 3 of the Dungeon.
             The game lasted 00:04:43 (3243 turns).

Hubjo the Skirmisher (Demonspawn Monk)              Turns: 3243, Time: 00:04:44

Health: -10/75     AC: 23    Str: 11    XL:     6   Next: 0%
Magic:  9/9        EV:  2    Int: 12    God:
Gold:   46         SH:  0    Dex: 23    Spells: 9/9 levels left

rFire   . . .      SeeInvis .   a - +0 short sword
rCold   + . .      Faith    .   (no shield)
rNeg    . . .      Spirit   .   (body armour currently unavailable)
rPois   +          Reflect  .   (helmet currently unavailable)
rElec   .          Harm     .   (cloak currently unavailable)
rCorr   .          Rampage  .   (gloves currently unavailable)
Will    .....      NoTele   +   (boots currently unavailable)
Stlth   +++.......              (no amulet)
HPRegen 0.22/turn               j - +6 ring of dexterity
MPRegen 0.22/turn               k - ring of protection from cold

@: mighty, tree-form, attractive
A: stationary, stasis, torment immunity, boosted hp, (hooves 1), (thin metallic
scales 1), (spiny 1), magic regeneration
a: no special abilities


You were on level 3 of the Dungeon.
You were a tree.
You visited 1 branch of the dungeon, and saw 3 of its levels.

You collected 112 gold pieces.
You spent 66 gold pieces at shops.

Inventory:

Hand Weapons
 a - a +0 short sword (weapon)
Missiles
 m - a throwing net (quivered)
Armour
 b - a +0 robe (melded)
Jewellery
 j - a +6 ring of dexterity (left branch)
 k - a ring of protection from cold (right branch)
Scrolls
 i - a scroll of immolation
 n - 2 scrolls of fog
Potions
 g - a potion of resistance
 o - a potion of might


   Skills:
 * Level 4.8 Fighting
 - Level 2.6 Short Blades
 - Level 2.6 Dodging
 * Level 4.1 Stealth
 + Level 2.1 Spellcasting


You had 9 spell levels left.
You didn't know any spells.
Your spell library contained the following spells:

 Spells                   Type           Power      Damage    Failure   Level
 Blink                    Tloc           2%         N/A       38%         2
 Scorch                   Fire           2%         2d5       38%         2
 Lesser Beckoning         Tloc           1%         N/A       63%         3
 Flame Wave               Conj/Fire      1%         2d4       95%         4
 Petrify                  Tmut/Erth      1%         N/A       95%         4
 Manifold Assault         Tloc           1%         N/A       100%        5
 Metabolic Englaciation   Hex/Ice        0%         N/A       100%        5
 Statue Form              Tmut/Erth      0%         N/A       100%        6
 Summon Cactus Giant      Summ           0%         N/A       100%        6


Dungeon Overview and Level Annotations

Branches:
Dungeon (3/15)

Altars:
Ashenzari

Shops:
D:3 ?


Innate Abilities, Weirdness & Mutations

You are a tree.
Your roots penetrate the ground, keeping you stationary.
You cannot be teleported.
You are immune to unholy pain and torment.
Your maximum health is greatly increased.
Your equipment is partially melded.
((You have large cloven feet.))
((You are partially covered in thin metallic scales. (AC +2)))
((You are partially covered in sharp spines.))
You regenerate magic rapidly.


Message History

The gnoll is almost dead.
The gnoll hits you but does no damage. x2
You puncture the gnoll!
You kill the gnoll!
The gnoll hits you but does no damage.
You have reached level 6!
Your demonic ancestry asserts itself...
Sharp spines emerge from parts of your body.
You cannot move.
You are too injured to fight recklessly!
You are too injured to fight recklessly!
You are too injured to fight recklessly!
You are too injured to fight recklessly!
The gnoll hits you but does no damage. The gnoll hits you but does no damage.
The gnoll barely misses you.
The gnoll zaps a wand.
Your mind is blasted!
* * * LOW HITPOINT WARNING * * *
The gnoll hits you from afar with a +0 spear.
* * * LOW HITPOINT WARNING * * *
The gnoll hits you from afar with a +0 spear.
* * * LOW HITPOINT WARNING * * *
The gnoll completely misses you. The gnoll hits you but does no damage.
Sorry, you're not good enough to have a special ability.
Okay, then.
It was a potion of attraction.
You feel attractive to monsters.
The gnoll hits you from afar with a +0 spear!
* * * LOW HITPOINT WARNING * * *
The gnoll is attracted toward you.
You barely miss the gnoll.
The gnoll zaps a wand.
Your mind is blasted!
* * * LOW HITPOINT WARNING * * *
You barely miss the gnoll. The gnoll hits you but does no damage.
It was a potion of magic.
Magic courses through your body. The gnoll hits you but does no damage.
You hit the gnoll.
The gnoll is heavily wounded.
The gnoll zaps a wand.
Your mind is blasted!
You die...

#.#######.######.......###...###
*,* *#.......# ##..^.....#._.#..
*,* #..>..##.# ##'....###...###
*,* #..##.##.# #...###.####+.#
*,**#..##.##.# #.###....#.#...
*,,..........#####.......##.##..
**#............##........#...#..
#.###..#####.#).......##[..##.
*,* #........♣g.......#.....#.
*,**#..#####.###......#.....#.
*,,,,,,****#.# #.##.........##
******,,,,,..# #.############
*****#### #.# #.# #.# ##.# ##..#


You could see a gnoll.

Vanquished Creatures
  An ogre (D:3)
  2 hounds (D:3)
  2 gnolls (D:3)
  4 adders (D:2)
  A shadow imp (D:3)
  A worm (D:3)
  A dart slug (D:3)
  2 orcs (D:3)
  8 bats
  9 endoplasms
  2 giant cockroaches (D:3)
  5 goblins
  5 hobgoblins
  2 quokkas (D:1)
  A ball python (D:2)
  6 frilled lizards
  2 kobolds (D:2)
54 creatures vanquished.

Notes
Turn   | Place    | Note
-------+----------+-------------------------------------------
     0 | D:1      | Hubjo the Demonspawn Monk began the quest for the Orb.
     0 | D:1      | Reached XP level 1. HP: 18/18 MP: 1/1
   211 | D:1      | Gained mutation: You regenerate magic rapidly. [demonic
                  | ancestry]
   211 | D:1      | Reached XP level 2. HP: 18/24 MP: 2/2
  1534 | D:2      | Reached XP level 3. HP: 29/29 MP: 4/4
  1743 | D:2      | Reached skill level 1 in Spellcasting
  1879 | D:2      | Gained mutation: You are partially covered in thin metallic
                  | scales. (AC +2) [demonic ancestry]
  1879 | D:2      | Reached XP level 4. HP: 28/37 MP: 5/5
  2151 | D:3      | Found a faded altar of an unknown god.
  2404 | D:3      | Found a broken altar of Ashenzari.
  2661 | D:3      | Noticed an ogre
  2678 | D:3      | Killed an ogre
  2679 | D:3      | Gained mutation: You have large cloven feet. [demonic
                  | ancestry]
  2679 | D:3      | Reached XP level 5. HP: 43/43 MP: 7/7
  2686 | D:3      | Found Galuzuts's Magic Scroll Shoppe.
  2689 | D:3      | Bought a scroll of identify for 22 gold pieces
  2689 | D:3      | Bought a scroll of identify for 22 gold pieces
  2689 | D:3      | Bought a scroll of identify for 22 gold pieces
  3231 | D:3      | Gained mutation: You are partially covered in sharp spines.
                  | [demonic ancestry]
  3231 | D:3      | Reached XP level 6. HP: 27/50 MP: 9/9
  3243 | D:3      | Blown up by a gnoll

Illustrated notes

Levels and vault maps discovered:
D:1:      minmay_arrival_stone_box, layout_loops_corners
D:2:      layout_basic
D:3:      layout_loops_corners, nicolae_ashenzari_panopticon,
          ebering_ecumenical_altar_rust, serial_shops,
          nicolae_shop_behind_doors, nrook_uturn, kennysheep_generic_room_4,
          uniq_natasha

Skill      XL: |  1  2  3  4  5 |
---------------+----------------+-----
Stealth        | 2 3 4 |  4.1
Spellcasting   | 1 2 |  2.1
Fighting       | 4 |  4.8
Short Blades   | |  2.6
Dodging        | |  2.6

Action                   |  1- 3 |  4- 6 || total
-------------------------+-------+-------++-------
Melee: Short sword       |    96 |   101 ||   197
       Punch             |       |     2 ||     2
       Kick              |       |     5 ||     5
  Use: Scroll            |       |     8 ||     8
       Potion            |       |     5 ||     5
 Stab: Sleeping          |     7 |     7 ||    14
Armor: Robe              |    16 |    17 ||    33
       Skin              |       |    46 ||    46
Dodge: Dodged            |    71 |    68 ||   139

Table legend: (Time is in decaauts)
 A = Elapsed time spent in this place.
 B = Non-inter-level travel time spent in this place.
 C = Inter-level travel time spent in this place.
 D = Time resting spent in this place.
 E = Time spent auto-exploring this place.
 F = Levels seen in this place.
 G = Mean time per level.
                   A        B        C        D        E       F      G
               +--------+--------+--------+--------+--------+-----+--------+
         Total |   3236 |   3218 |     18 |    163 |   2543 |   3 | 1078.7 |
       Dungeon |   3236 |   3218 |     18 |    163 |   2543 |   3 | 1078.7 |
               +--------+--------+--------+--------+--------+-----+--------+

Top non-repeatable levels by time:
     D:1: 1168 daAuts
     D:3: 1108 daAuts
     D:2: 959 daAuts
